 Dungeon Crawl Stone Soup version 0.30.1-11-g7821555f0a (webtiles) character file.

Game seed: 18099645835616022301

20 KittyFluff the Trooper (level 2, -3/19 HPs)
             Began as a Gargoyle Berserker on Nov 11, 2023.
             Was a Follower of Trog.
             Slain by a hobgoblin (4 damage)
             ... on level 1 of the Dungeon.
             The game lasted 00:01:15 (281 turns).

KittyFluff the Trooper (Gargoyle Berserker)          Turns: 281, Time: 00:01:16

Health: -3/19      AC:  5    Str: 20    XL:     2   Next: 79%
Magic:  2/2        EV: 12    Int:  7    God:    Trog [*.....]
Gold:   0          SH:  0    Dex:  9    Spells: 1/1 levels left

rFire   . . .        a - +0 mace
rCold   . . .        (no shield)
rNeg    + + .        b - +0 animal skin
rPois   ∞            (no helmet)
rElec   +            (no cloak)
rCorr   .            (no gloves)
SInv    .            (no boots)
Will    .....        (no amulet)
Stlth   +            c - ring of positive energy
HPRegen 0.23/turn    (no ring)
MPRegen 0.08/turn

%: no passive effects
@: no status effects
A: sickness immunity, AC +2, negative energy resistance 1, electricity
resistance, torment resistance 1, petrification resistance
a: Renounce Religion, Berserk


You were on level 1 of the Dungeon.
You worshipped Trog.
Trog was aware of your devotion.
You visited 1 branch of the dungeon, and saw 1 of its levels.

Inventory:

Hand Weapons
 a - a +0 mace (weapon)
Armour
 b - a +0 animal skin (worn)
Jewellery
 c - a ring of positive energy (left hand)
Potions
 d - a potion of ambrosia {unknown}


   Skills:
 + Level 3.5 Fighting
 * Level 3.2 Maces & Flails
 * Level 2.6 Armour
 + Level 1.7 Dodging
 + Level 0.5 Stealth


You had one spell level left.
You didn't know any spells.
Your spell library was empty.

Dungeon Overview and Level Annotations

Branches:
Dungeon (1/15)

Altars:


Innate Abilities, Weirdness & Mutations

You are immune to sickness and miasma.
Your stone body is resilient. (AC +2)
You are immune to poison.
You resist negative energy. (rN+)
You are resistant to electric shocks. (rElec)
You are resistant to unholy torment.
You are immune to petrification.


Message History

The jackal closely misses you.
The hobgoblin shoots a sling bullet.
The sling bullet hits you. The jackal barely misses you.
You hit the jackal.
The jackal is almost dead.
The jackal barely misses you. The ball python closely misses you. x2
The jackal bites you but does no damage.
You hit the jackal.
You kill the jackal!
Trog accepts your kill. The ball python bites you.
* * * LOW HITPOINT WARNING * * *
The ball python grabs you. The ball python constricts you.
The ball python barely misses you. The ball python constricts you.
You barely miss the ball python.
The ball python bites you but does no damage.
The ball python constricts you.
A goblin comes into view. It is wielding a +0 dagger.
The ball python bites you but does no damage.
The ball python constricts you.
* * * LOW HITPOINT WARNING * * *
You barely miss the ball python. The ball python bites you.
* * * LOW HITPOINT WARNING * * *
The ball python constricts you.
* * * LOW HITPOINT WARNING * * *
The hobgoblin shoots a sling bullet.
The sling bullet completely misses you.
The goblin shouts!
You escape the ball python's grasp.
The ball python attacks as you move away!
The ball python bites you but does no damage.
The ball python barely misses you.
You hit the ball python.
You kill the ball python!
Trog accepts your kill.
The hobgoblin shoots a sling bullet.
The sling bullet barely misses you.
The hobgoblin unwields a +0 sling.
The hobgoblin hits you.
* * * LOW HITPOINT WARNING * * *
A goblin comes into view. It is wielding a +1 dagger of venom.
The goblin shouts!
You hit the hobgoblin but do no damage. The hobgoblin hits you.
You die...
PP.P.PP.P.P #......# ##....... ...######.######..#..... ..P...>..>..............
P....................... ..P...###.######)#.##### PP....

#># #)..#
.PP...###)######..##
.g......).........#
......#@#.........#
###...†g#†........#
###.g............
#.....####..####
......## ##..
....#... ##.
#......#.#
#.##...#.. $.
........


You could see a hobgoblin and 2 goblins.

Vanquished Creatures
  An endoplasm (D:1)
  2 goblins (D:1)
  3 hobgoblins (D:1)
  3 jackals (D:1)
  A quokka (D:1)
  3 ball pythons (D:1)
  A frilled lizard (D:1)
  5 kobolds (D:1)
19 creatures vanquished.

Notes
Turn   | Place    | Note
-------+----------+-------------------------------------------
     0 | D:1      | KittyFluff the Gargoyle Berserker began the quest for the
                  | Orb.
     0 | D:1      | Reached XP level 1. HP: 14/14 MP: 1/1
   224 | D:1      | Reached XP level 2. HP: 18/19 MP: 2/2
   281 | D:1      | Slain by a hobgoblin

Illustrated notes

Levels and vault maps discovered:
D:1:      roderic_crop_circles_arrival_small, layout_rooms

Action                     || total
---------------------------++-------
  Melee: Mace              ||    73
         Punch             ||     2
 Armour: Animal skin       ||    27
  Dodge: Dodged            ||    67
